AoeStats
← Ndrangheta

Four Lakes

509679513Analyzed
1v1 RM · 6d ago on Sep 27, 2026· 34m 23s· 2 players
Game mode
Random Map
Map size
Tiny (2 player)
Population
200
Speed
Normal
Resources
Standard
Victory
Conquest
Starting age
Dark Age
Ending age
Imperial Age
RankedLock teamsTeams togetherTeam positionsShared explorationLock speedFull tech treeHidden civsTurbo modeCheats
Victory
Defeat
🇦🇷 Varangians · Argentina
1470
+13
🇲🇽 Spanish · Mexico
1406
-13
Ndrangheta
7:09 Loom
9:41 Feudal Age
10:37 Double-Bit Axe
22:06 Castle Age
20:06 Gold Mining
20:27 Stone Mining
25:18 Fishing Lines
28:22 Imperial Age
26:55 Fletching
27:48 Bodkin Arrow
28:15 Bow Saw
29:11 Gillnets
29:28 Town Watch
30:18 Wheelbarrow
30:46 Scale Barding Armor
31:07 Bloodlines
30:25 Pikeman
32:34 Forging
33:47 Squires
33:49 Scale Mail Armor
fbcj84
10:42 Feudal Age
8:57 Loom
17:33 Castle Age
16:32 Double-Bit Axe
16:46 Stone Mining
31:35 Bloodlines
31:25 Husbandry
33:07 Scale Barding Armor
33:12 Forging
34:24 Chain Barding Armor
Connection lost

Rejoining the realm…

Still unreachable

The connection could not be restored.

Session expired

The server has moved on; the page needs a fresh start.